 Dungeon Crawl Stone Soup version 0.16-b1 (console) character file.

248146 perunasaurus the Executioner (level 18, -45/250 HPs)
             Began as a Minotaur Berserker on Mar 13, 2015.
             Was a High Priest of Trog.
             Annihilated by the royal jelly (47 damage)
             ... on level 6 of the Pits of Slime.
             The game lasted 00:55:42 (30869 turns).

perunasaurus the Executioner (Minotaur Berserker)  Turns: 30869, Time: 00:55:42

Health: -45/250    AC:  2    Str: 30    XL:     18   Next: 84%
Magic:  2/2        EV: 13    Int:  4    God:    Trog [*****.]
Gold:   1779       SH:  0    Dex: 15    Spells: 0 memorised, 17 levels left

rFire  . . .     SeeInvis .     a - +8 executioner's axe (antimagic)
rCold  + . .     Rnd*Rage +     q - +0 plate armour
rNeg   . . .     SustAb   .     (no shield)
rPois  +         Gourm    .     (helmet restricted)
rElec  .         Spirit   .     F - +2 cloak {aux}
rCorr  .         Warding  .     v - +1 pair of gloves {aux}
rMut   .         Stasis   .     t - +0 pair of boots {aux}
MR     +....                    O - amulet of regeneration
Stlth  ..........               R - ring of protection from cold
                                n - ring of poison resistance

@: berserking, corroded equipment, very quick, somewhat resistant to hostile
enchantments, extremely unstealthy
A: retaliatory headbutt, horns 2, rugged brown scales 1, berserk 2, blurry
vision 1, frail 1, MP-powered wands 1
a: Burn Spellbooks, Berserk, Trog's Hand, Brothers in Arms, Renounce Religion
}: 2/15 runes: decaying, serpentine


You were on level 6 of the Pits of Slime.
You worshipped Trog.
Trog was extremely pleased with you.
You were not hungry.

You visited 5 branches of the dungeon, and saw 36 of its levels.

You collected 2169 gold pieces.
You spent 390 gold pieces at shops.


Innate Abilities, Weirdness & Mutations

You reflexively headbutt those who attack you in melee.
You have a pair of horns on your head.
You are partially covered in rugged brown scales (AC +1, +3% HP).
You often lose your temper in combat.
Scrolls take you a little longer to read.
You are frail (-10% HP).
You expend magic power (3 MP) to slightly strengthen your wands.


   Skills:
 + Level 20.7 Fighting
 - Level 26.0 Axes
 + Level 17.1 Armour
 + Level 7.7 Dodging
 - Level 1.0 Stealth


You had 17 spell levels left.
You didn't know any spells.

Inventory:

Hand weapons
 a - a +8 antimagic executioner's axe (weapon)
   (Trog gifted it to you on level 6 of the Lair of Beasts)
 b - a +1 blowgun
 c - a +2 antimagic battleaxe
   (Trog gifted it to you on level 2 of the Pits of Slime)
Missiles
 e - 872 stones (quivered)
 p - 107 poisoned needles
 N - 6 throwing nets {=f}
Armour
 q - a +0 plate armour (worn)
 t - a +0 pair of boots (worn) {aux}
 v - a +1 pair of gloves (worn) {aux}
 F - a +2 cloak (worn) {aux}
Jewellery
 n - a ring of poison resistance (left hand)
   (You found it on level 8 of the Dungeon)
 M - an uncursed ring of flight
   (You took it off a naga mage on level 2 of the Snake Pit)
 O - an amulet of regeneration (around neck)
   (You found it on level 10 of the Dungeon)
 R - a ring of protection from cold (right hand)
   (You found it on level 4 of the Lair of Beasts)
Magical devices
 r - a wand of polymorph (11) {!v}
 u - a wand of digging (24) {!v}
 y - a wand of paralysis (12) {!v}
 H - a wand of disintegration (1) {!v}
 P - a wand of digging (11) {!v}
 T - a wand of cold (3) {!v}
 Y - a wand of disintegration (7) {!v}
 Z - a wand of cold (7) {!v}
Scrolls
 f - 5 scrolls of fog {!r}
 l - 7 scrolls of teleportation {!r}
 m - 10 scrolls of remove curse {!r}
 w - a scroll of vulnerability {!r}
 z - 3 scrolls of fear {!r}
 D - 7 scrolls of magic mapping {!r}
 I - 4 scrolls of recharging {!r}
 J - a scroll of blinking {!r}
 K - 2 scrolls of identify {!r}
 U - a scroll of holy word {!r}
Potions
 d - 17 potions of curing {!q}
 h - 4 potions of might {!q}
 o - a potion of restore abilities {!q}
 s - a potion of berserk rage {!q}
 x - 2 potions of agility {!q}
 A - 2 potions of heal wounds {!q}
 B - 2 potions of haste {!q}
 C - 4 potions of cancellation {!q}
 E - 3 potions of flight {!q}
 V - 2 potions of resistance {!q}
 W - 3 potions of magic {!q}
Miscellaneous
 X - a lantern of shadows
Comestibles
 g - 7 beef jerkies {!e}
 i - 13 meat rations {!e}
 j - 24 fruits {!e}
 G - 12 bread rations {!e}


Message History

The royal jelly is moderately wounded.
Your plate armour prevents you from hitting the death ooze.
The death ooze is heavily damaged.
The royal jelly shudders violently.
The royal jelly spits out three more jellies.
You slash the azure jelly!
You kill the azure jelly!
That felt strangely unrewarding.
The royal jelly hits you!!
You are splashed with acid!
The acid corrodes your equipment!
The acid burns!
The royal jelly hits you!!
You are splashed with acid!
The acid corrodes your equipment!
The acid burns!
The death ooze hits you!
The death ooze hits you but does no damage.
You slice the royal jelly!! You headbutt the royal jelly!
The royal jelly is heavily wounded.
You slash the death ooze!
The death ooze is severely damaged.
The royal jelly shudders violently.
The royal jelly spits out four more jellies.
You slice the death ooze!!
The death ooze is heavily damaged.
Unknown command.
You carve the royal jelly like a ham!!!
The royal jelly is severely wounded.
You slice the death ooze!!
You destroy the death ooze!
That felt strangely unrewarding.
The royal jelly shudders alarmingly.
The royal jelly spits out five more jellies.
You slash the acid blob! The acid corrodes your equipment!
The acid blob is lightly wounded.
You slash the death ooze!
The death ooze is severely damaged.
You barely miss the azure jelly.
The jelly jiggles.
The royal jelly barely misses you. x2
Unknown command.
Your plate armour prevents you from hitting the royal jelly.
You headbutt the royal jelly, but do no damage.
The royal jelly is severely wounded.
You slice the acid blob!! The acid corrodes your equipment!
The acid blob is moderately wounded.
You hit the acid blob.
The acid blob is lightly wounded.
You slice the acid blob!!
The acid blob is moderately wounded.
You hit the death ooze but do no damage.
You slash the azure jelly!
The azure jelly is lightly wounded.
The acid blob hits you!!
You are splashed with acid!
The acid burns!
The azure jelly hits you. The azure jelly freezes you!! You resist.
The azure jelly closely misses you. x2
The azure jelly hits you but does no damage.
Unknown command.
You slash the royal jelly! You headbutt the royal jelly.
The royal jelly is almost dead.
You hit the acid blob.
The acid blob is moderately wounded.
The royal jelly shudders.
The royal jelly spits out another jelly.
You slash the acid blob!
The acid blob is moderately wounded.
You slice the acid blob!!
The acid blob is heavily wounded.
You slash the death ooze!
The death ooze is moderately damaged.
You slash the azure jelly!
The azure jelly is moderately wounded.
The royal jelly jiggles.
The royal jelly hits you!!!
* * * LOW HITPOINT WARNING * * *
You are splashed with acid!
The acid burns!
* * * LOW HITPOINT WARNING * * *
The royal jelly closely misses you. The death ooze closely misses you.
The death ooze hits you!
* * * LOW HITPOINT WARNING * * *
The acid blob misses you. You furiously retaliate!
You headbutt the acid blob!
Unknown command.
You completely miss the royal jelly.
The royal jelly is almost dead.
You slash the azure jelly!
The azure jelly is heavily wounded.
You slice the death ooze like a ripe choko!!!
You destroy the death ooze!
That felt strangely unrewarding.
You hit the acid blob but do no damage.
The acid blob is heavily wounded.
You slice the acid blob!!
The acid blob is severely wounded.
You slice the acid blob!!
The acid blob is severely wounded.
The acid blob closely misses you. You furiously retaliate!
You headbutt the acid blob!
The azure jelly jiggles.
The azure jelly closely misses you. You furiously retaliate!
You headbutt the azure jelly!!
The azure jelly hits you but does no damage.
The azure jelly hits you!
* * * LOW HITPOINT WARNING * * *
The azure jelly hits you.
* * * LOW HITPOINT WARNING * * *
The royal jelly hits you!!!
You die...

... ......... ...........
............. ...............
.....JJ......... ....JJJJ.......
.....JJJJJ....... #J™JJ# ###J##
#..# . #.## ..... #..# ......
##.# ... ......# #..# .......
........ #.## #......
.......#########..#########.G....


You could see the royal jelly, 7 acid blobs, 3 azure jellies, 3 death oozes and
a jelly.

Vanquished Creatures
  Norris (Snake:3)
  Mara (Swamp:4)
  Vashnia (Snake:2)
  14 acid blobs
  Rupert (Lair:3)
  A thorn hunter (Swamp:4)
  Kirke (Swamp:4)
  4 azure jellies
  A player illusion (Swamp:4)
  Maud (Lair:3)
  11 greater nagas
  Aizul (Snake:2)
  Snorg (Lair:5)
  3 death oozes (Slime:6)
  Fannar (Lair:2)
  5 great orbs of eyes
  17 hydras
  14 naga warriors
  12 alligators
  9 anacondas
  Erica (Lair:3)
  A ghost crab (Swamp:3)
  A catoblepas (Lair:8)
  A deep troll shaman (Lair:8)
  13 death yaks
  19 naga sharpshooters
  2 spriggans
  9 shock serpents
  3 salamander mystics
  9 sea snakes (Snake:5)
  2 shambling mangroves (Swamp:4)
  4 swamp dragons
  A hill giant (D:11)
  6 naga ritualists
  4 oklob plants
  9 salamanders
  2 hornets
  8 mana vipers
  5 shining eyes
  15 elephants
  A queen ant (Lair:8)
  8 guardian serpents
  21 naga magi
  37 black mambas
  2 eyes of devastation
  A torpor snail (Lair:7)
  22 spiny frogs
  9 komodo dragons
  A troll (D:9)
  2 fire drakes
  2 polar bears (Lair:8)
  2 two-headed ogres
  4 giant leeches
  3 bog bodies
  18 blink frogs
  11 baby alligators
  99 slime creatures
  10 ravens
  2 shadows
  3 basilisks
  2 wyverns
  2 golden eyes (Slime:5)
  A spectral raven (Swamp:3)
  32 yaks
  13 wolves
  3 hogs (Swamp:4)
  4 hippogriffs
  A hungry ghost (D:10)
  3 soldier ants (Lair:8)
  20 swamp worms
  A wraith (D:11)
  11 insubstantial wisps
  Edmund (D:7)
  20 vampire mosquitoes
  Menkaure (D:4)
  79 nagas
  3 orc warriors
  41 water moccasins
  15 porcupines
  4 phantoms
  2 eyes of draining
  2 wasps
  3 sky beasts
  3 black bears
  9 swamp drakes
  10 ice beasts
  A boring beetle (Lair:8)
  8 centaurs
  Sigmund (D:5)
  Duvessa (D:6)
  6 ogres
  13 crocodiles
  16 giant frogs
  4 big kobolds
  A spectral felid (Swamp:3)
  8 killer bees (D:11)
  2 spriggan skeletons (D:10)
  10 wights
  13 jellies
  A crimson imp (D:8)
  A giant frog zombie (D:5)
  Dowan (D:6)
  5 electric eels
  18 hounds
  A centaur skeleton (D:9)
  2 orc priests
  2 quasits
  7 iguanas
  2 giant frog skeletons (D:11)
  24 worker ants
  Natasha (thrice) (D:4)
  11 orc wizards
  19 hell rats
  31 sheep
  Ijyb (D:2)
  A hound zombie (D:7)
  2 hound skeletons
  A mummy (D:8)
  A worker ant zombie (D:10)
  Robin (D:2)
  3 gnolls (D:7)
  24 adders
  72 river rats
  3 giant mites (Lair:2)
  2 worms (D:3)
  2 shadow imps
  A giant gecko (D:10)
  2 oozes (D:1)
  33 orcs
  2 bat zombies
  2 giant cockroaches (D:5)
  20 goblins
  13 hobgoblins
  14 jackals
  36 kobolds
  10 quokkas
  2 ball pythons
  22 bats
  A giant gecko skeleton (D:5)
  A giant gecko zombie (D:8)
  2 giant newts
  A giant spore (D:8)
  38 rats
  A spectral goblin (Swamp:3)
  4 ballistomycetes
  10 fungi
  13 plants
1312 creatures vanquished.

Vanquished Creatures (collateral kills)
  A dire elephant (Lair:8)
  2 hydras (Swamp:5)
  A naga warrior (Snake:2)
  An alligator (Swamp:4)
  2 naga sharpshooters (Snake:1)
  3 swamp dragons (Swamp:5)
  An elephant (Lair:8)
  A spriggan (Swamp:4)
  2 nagas
  A swamp drake (Swamp:5)
  A wasp (Swamp:4)
  An orc priest (D:6)
17 creatures vanquished.

Vanquished Creatures (others)
  A deep troll (Snake:2)
  A naga mage (Snake:1)
  A two-headed ogre (Snake:1)
  3 trolls (Swamp:5)
  A raven (Swamp:2)
  A shadow (D:11)
  A swamp worm (Swamp:3)
  A centaur (D:8)
  An adder (D:5)
  An orc (D:5)
  A giant cockroach (D:5)
  A giant spore (D:6)
  A bush (Lair:2)
  2 fungi
  A plant (Lair:2)
18 creatures vanquished.

Grand Total: 1347 creatures vanquished

Notes
Turn   | Place    | Note
--------------------------------------------------------------
     0 | D:1      | perunasaurus, the Minotaur Berserker, began the quest for the Orb.
     0 | D:1      | Reached XP level 1. HP: 19/19 MP: 1/1
    27 | D:1      | Reached skill level 4 in Axes
   138 | D:1      | Reached XP level 2. HP: 10/26 MP: 1/1
   443 | D:1      | Acquired Trog's second power
   642 | D:1      | Reached skill level 5 in Axes
   887 | D:2      | Reached XP level 3. HP: 28/31 MP: 2/2
   950 | D:2      | Noticed Robin
   965 | D:2      | Killed Robin
  1095 | D:2      | Noticed Ijyb
  1106 | D:2      | Killed Ijyb
  1106 | D:2      | Reached skill level 6 in Axes
  1106 | D:2      | Reached XP level 4. HP: 37/39 MP: 2/2
  1610 | D:3      | Found a bloodstained altar of Trog.
  1660 | D:3      | Acquired Trog's third power
  1960 | D:4      | Reached skill level 7 in Axes
  1960 | D:4      | Reached XP level 5. HP: 45/45 MP: 2/2
  2017 | D:4      | Noticed an ogre
  2027 | D:4      | Killed an ogre
  2027 | D:4      | Reached skill level 8 in Axes
  2027 | D:4      | Reached XP level 6. HP: 51/51 MP: 3/3
  2135 | D:4      | Noticed Natasha
  2141 | D:4      | Killed Natasha
  2230 | D:4      | Noticed an ogre
  2239 | D:4      | Killed an ogre
  2239 | D:4      | Reached skill level 9 in Axes
  2305 | D:4      | Noticed Natasha
  2314 | D:4      | Killed Natasha
  2395 | D:4      | Noticed Menkaure
  2400 | D:4      | Killed Menkaure
  2400 | D:4      | Reached XP level 7. HP: 30/57 MP: 3/3
  2510 | D:4      | Noticed Natasha
  2511 | D:4      | Killed Natasha
  2760 | D:4      | Noticed an ogre
  2772 | D:4      | Killed an ogre
  2772 | D:4      | Reached skill level 10 in Axes
  2772 | D:4      | Reached skill level 1 in Stealth
  2843 | D:5      | Entered Level 5 of the Dungeon
  2875 | D:5      | Found a shimmering altar of Xom.
  2949 | D:5      | HP: 1/57 [acid (13)]
  2962 | D:5      | HP: 10/57 [phantom (6)]
  3021 | D:5      | Reached skill level 11 in Axes
  3128 | D:5      | Noticed Sigmund
  3137 | D:5      | Killed Sigmund
  3183 | D:5      | Reached XP level 8. HP: 44/64 MP: 3/3
  3358 | D:5      | Reached skill level 12 in Axes
  3526 | D:5      | Found a shadowy altar of Dithmenos.
  4297 | D:6      | Noticed Duvessa
  4297 | D:6      | Noticed Dowan
  4304 | D:6      | Killed Dowan
  4308 | D:6      | Killed Duvessa
  4308 | D:6      | Reached skill level 13 in Axes
  4442 | D:6      | HP: 9/64 [orc priest/divine providence (15)]
  4442 | D:6      | Reached XP level 9. HP: 9/70 MP: 4/4
  4530 | D:6      | Found a sparkling altar of Nemelex Xobeh.
  4589 | D:6      | Received a gift from Trog
  4628 | D:6      | Reached skill level 14 in Axes
  4658 | D:6      | Found a stormy altar of Qazlal.
  4663 | D:6      | Found a blossoming altar of Fedhas.
  5121 | D:7      | Noticed Prince Ribbit
  5187 | D:7      | Reached skill level 3 in Armour
  5521 | D:7      | Found a staircase to the Ecumenical Temple.
  5667 | D:7      | Noticed Edmund
  5689 | D:7      | Killed Edmund
  5892 | D:7      | Found Gaubukhluh's Assorted Antiques.
  5895 | D:7      | Bought a pitted hand axe for 240 gold pieces
  5895 | D:7      | Identified the +8 hand axe of the Dead {flame, Str+2} (You bought it in a shop on level 7 of the Dungeon)
  5899 | D:7      | Bought a scroll of remove curse for 90 gold pieces
  5899 | D:7      | Bought a scroll of identify for 60 gold pieces
  6200 | D:8      | Reached skill level 6 in Armour
  6202 | D:8      | Received a gift from Trog
  6244 | D:8      | Reached skill level 6 in Fighting
  6820 | D:8      | Found a shadowy altar of Dithmenos.
  6820 | D:8      | Found an opulent altar of Gozag.
  6976 | D:9      | Reached XP level 10. HP: 86/86 MP: 4/4
  7010 | D:9      | Got a bloodstained chain mail
  7021 | D:9      | Identified the +1 chain mail "Agudir" {MR+ Int+4} (You found it on level 9 of the Dungeon)
  7060 | D:9      | Found a staircase to the Orcish Mines.
  7618 | D:10     | Entered Level 10 of the Dungeon
  7710 | D:10     | Reached skill level 3 in Dodging
  8224 | D:10     | Found a runed door.
  8793 | D:11     | Reached skill level 9 in Armour
  8869 | D:11     | Reached skill level 9 in Fighting
  8897 | D:11     | Noticed a hill giant
  8898 | D:11     | Found a staircase to the Lair.
  8906 | D:11     | Killed a hill giant
  8972 | D:11     | Received a gift from Trog
  9494 | D:11     | Reached XP level 11. HP: 94/99 MP: 4/4
  9703 | Lair:1   | Entered Level 1 of the Lair of Beasts
  9819 | Lair:1   | Got an encrusted chain mail
  9833 | Lair:1   | Identified the +6 chain mail of Qazlal's Castigation {rElec rPois rF- Int+4} (You found it on level 1 of the Lair of Beasts)
 10623 | Lair:2   | Noticed Fannar
 10642 | Lair:2   | Killed Fannar
 10773 | Lair:2   | Reached skill level 12 in Armour
 11224 | Lair:2   | Received a gift from Trog
 11230 | Lair:2   | Reached skill level 6 in Dodging
 11651 | Lair:3   | Noticed Maud
 11662 | Lair:3   | Killed Maud
 11809 | Lair:3   | Reached skill level 15 in Axes
 12066 | Lair:3   | Noticed Rupert
 12076 | Lair:3   | Killed Rupert
 12076 | Lair:3   | Reached XP level 12. HP: 110/110 MP: 5/5
 12162 | Lair:3   | Noticed Erica
 12171 | Lair:3   | Killed Erica
 12294 | Lair:3   | Reached skill level 16 in Axes
 12762 | Lair:4   | Reached skill level 17 in Axes
 12831 | Lair:4   | Found a staircase to the Snake Pit.
 12937 | Lair:4   | Received a gift from Trog
 13110 | Lair:4   | Found a staircase to the Swamp.
 13118 | Lair:4   | Reached skill level 18 in Axes
 13667 | Lair:5   | Noticed Snorg
 13677 | Lair:5   | Killed Snorg
 14008 | Lair:5   | Reached XP level 13. HP: 114/116 MP: 5/5
 14185 | Lair:5   | Reached skill level 19 in Axes
 14635 | Lair:6   | Received a gift from Trog
 15240 | Lair:6   | Reached skill level 12 in Fighting
 15724 | Lair:7   | Received a gift from Trog
 15754 | Lair:7   | Reached skill level 20 in Axes
 15829 | Lair:7   | Found a staircase to the Slime Pits.
 15856 | Lair:7   | Received a gift from Trog
 16401 | Lair:8   | Entered Level 8 of the Lair of Beasts
 16740 | Lair:8   | Reached XP level 14. HP: 126/126 MP: 1/5
 16766 | Lair:8   | Reached skill level 21 in Axes
 16787 | Lair:8   | Received a gift from Trog
 17313 | Lair:8   | Noticed a dire elephant
 17325 | Lair:8   | HP: 22/126 [dire elephant (19)]
 17328 | Lair:8   | Killed a dire elephant
 17376 | Lair:8   | Reached skill level 22 in Axes
 17627 | Swamp:1  | Entered Level 1 of the Swamp
 18343 | Swamp:2  | Received a gift from Trog
 18567 | Swamp:2  | Reached skill level 23 in Axes
 19257 | Swamp:3  | HP: 22/126 [very large slime creature (55)]
 19685 | Swamp:3  | Reached XP level 15. HP: 124/134 MP: 2/6
 20344 | Swamp:4  | Received a gift from Trog
 20409 | Swamp:4  | Noticed a thorn hunter
 20420 | Swamp:4  | Killed a thorn hunter
 20423 | Swamp:4  | Noticed Mara
 20440 | Swamp:4  | Noticed perunasaurus' illusion
 20492 | Swamp:4  | Noticed Kirke
 20498 | Swamp:4  | Killed Kirke
 20562 | Swamp:4  | HP: 20/136 [shambling mangrove (21)]
 20790 | Swamp:4  | Gained mutation: You are partially covered in rugged brown scales (AC +1, +3% HP). [potion of beneficial mutation]
 20918 | Swamp:4  | Noticed perunasaurus' illusion
 20941 | Swamp:4  | Killed Mara
 20941 | Swamp:4  | Killed perunasaurus' illusion
 21541 | Swamp:5  | Entered Level 5 of the Swamp
 21740 | Swamp:5  | Received a gift from Trog
 21855 | Swamp:5  | Reached skill level 24 in Axes
 22229 | Swamp:5  | Reached XP level 16. HP: 151/151 MP: 6/6
 22298 | Swamp:5  | Got a decaying rune of Zot
 22515 | Snake:1  | Entered Level 1 of the Snake Pit
 22636 | Snake:1  | Received a gift from Trog
 22816 | Snake:1  | Found Klatahir's Food Emporium.
 22856 | Snake:1  | Received a gift from Trog
 22921 | Snake:1  | Reached skill level 15 in Fighting
 23189 | Snake:2  | Noticed Vashnia
 23568 | Snake:2  | Noticed Aizul
 23584 | Snake:2  | Killed Aizul
 23675 | Snake:2  | HP: 21/153 [naga sharpshooter/arrow (13)]
 23953 | Snake:2  | HP: 27/153 [naga sharpshooter/bolt[Vashnia] (6)]
 23953 | Snake:2  | HP: 9/153 [naga sharpshooter/bolt[Vashnia] (18)]
 24001 | Snake:2  | Killed Vashnia
 24016 | Snake:2  | HP: 29/154 [naga sharpshooter/bolt[Vashnia] (11)]
 24499 | Snake:2  | Reached skill level 25 in Axes
 24666 | Snake:2  | Received a gift from Trog
 24978 | Snake:3  | HP: 29/155 [naga warrior/spear (9)]
 24984 | Snake:3  | HP: 31/155 [poisoned by a naga warrior (splash of poison)]
 25210 | Snake:3  | Noticed Norris
 25224 | Snake:3  | Killed Norris
 25224 | Snake:3  | Reached skill level 15 in Armour
 25434 | Snake:3  | Reached XP level 17. HP: 88/162 MP: 2/6
 26602 | Snake:5  | Entered Level 5 of the Snake Pit
 26721 | Snake:5  | Received a gift from Trog
 27911 | Snake:5  | Reached skill level 26 in Axes
 27946 | Snake:5  | Received a gift from Trog
 28462 | Snake:5  | Got a serpentine rune of Zot
 28473 | Snake:5  | Reached skill level 18 in Fighting
 28896 | Lair:7   | Reached XP level 18. HP: 177/177 MP: 2/7
 28939 | Slime:1  | Entered Level 1 of the Pits of Slime
 29001 | Slime:2  | Received a gift from Trog
 29226 | Slime:5  | Gained mutation: Scrolls take you a little longer to read. [a shining eye]
 29232 | Slime:5  | Gained mutation: You are frail (-10% HP). [a shining eye]
 29275 | Slime:6  | Entered Level 6 of the Pits of Slime
 29280 | Slime:5  | Gained mutation: You tend to lose your temper in combat. [a shining eye]
 29630 | Slime:6  | Received a gift from Trog
 30006 | Slime:6  | Gained mutation: You expend magic power (3 MP) to slightly strengthen your wands. [a shining eye]
 30116 | Slime:6  | Found a viscous altar of Jiyva.
 30141 | Slime:6  | Gained mutation: You often lose your temper in combat. [a shining eye]
 30855 | Slime:6  | Noticed the royal jelly
 30868 | Slime:6  | HP: 29/250 [the royal jelly (49)]
 30868 | Slime:6  | HP: 12/250 [death ooze[the royal jelly] (13)]
 30869 | Slime:6  | HP: 4/250 [azure jelly[the royal jelly] (9)]
 30869 | Slime:6  | Annihilated by the royal jelly

Vault maps used:
D:1:      eino_arrival_druids_welcome, serial_glass, glass_columns_a,
          glass_columns_c, due_unseen_surprise
D:2:      uniq_iyjb, uniq_robin
D:3:      lemuel_doored_altar
D:4:      kennysheep_opposing_triangles, uniq_menkaure, uniq_natasha
D:5:      xom_confusion_cloud, first_bread, nicolae_dithmenos_the_darkroom,
          uniq_sigmund
D:6:      grunt_temple_overflow_forces_of_nature,
          nicolae_overflow_crystal_walls, uniq_duvessa
D:7:      minmay_temple_entry_grid, serial_shops, kennysheep_mini,
          uniq_prince_ribbit1, uniq_edmund
D:8:      gammafunk_temple_overflow_wave
D:9:      kennysheep_big_flooded_room, orc_0_dummy
D:10:     hangedman_tell_no_tales
D:11:     lair_0_dummy
Lair:1:   lemuel_ratsnest, portal_ice_cave_entry_ice_beasts, grunt_megastairs_1
Lair:2:   minmay_lair_venomous_thicket, uniq_fannar
Lair:3:   serial_bayou, serial_bayou_shore_b, serial_bayou_pond_d,
          serial_bayou_crossing, serial_bayou_pond_b, lemuel_fruit_fields,
          uniq_rupert, uniq_erica, uniq_maud
Lair:4:   minmay_lair_oklob_items, swamp_mist_pool,
          minmay_snake_entry_spellcaster, minmay_holes, beast_lair_carwin_9
Lair:5:   infiniplex_staircase_pool, uniq_snorg
Lair:6:   grunt_megastairs_3
Lair:7:   minmay_slime_entry_oklob_open, serial_bayou_pond_d,
          serial_bayou_pond_e
Lair:8:   grunt_lair_end_beastmaster, minmay_another_anthill,
          infiniplex_staircase_pool_2
Swamp:1:  evilmike_swamp_ruin_house_6, swamp_pool1
Swamp:2:  evilmike_swamp_ruin_house_4
Swamp:3:  hangedman_swamp_ruin_wall
Swamp:4:  evilmike_swamp_ruin_house_1, uniq_mara, uniq_kirke
Swamp:5:  swamp
Snake:1:  serial_shops, shop, grunt_ministairs_7
Snake:2:  uniq_aizul, uniq_vashnia
Snake:3:  statue_in_the_mist_lemuel, serial_bayou_shore_b, grunt_megastairs_2,
          uniq_norris
Snake:5:  grunt_snake_rune_pools
Slime:2:  cheibrodos_slime_lost_civilization_3
Slime:4:  cheibrodos_slime_lost_civilization_6

Action                   |  1- 3 |  4- 6 |  7- 9 | 10-12 | 13-15 | 16-18 || total
-------------------------+-------+-------+-------+-------+-------+-------++-------
Melee: Hand axe          |    76 |   129 |   506 |   367 |    41 |       ||  1119
       Battleaxe         |       |       |       |   262 |    79 |       ||   341
       Executioner's axe |       |       |       |       |   879 |  1012 ||  1891
Throw: Stone             |       |       |       |       |    11 |     1 ||    12
Invok: Berserk           |     2 |     4 |     9 |     7 |     8 |    15 ||    45
       Trog's Hand       |       |     2 |     4 |     4 |    18 |    18 ||    46
       Brothers in Arms  |       |       |     1 |       |     6 |     2 ||     9
       Burn Spellbooks   |       |       |       |     2 |     2 |     2 ||     6
  Use: Scroll            |     3 |     1 |    10 |     9 |     9 |     6 ||    38
       Potion            |       |       |       |       |     1 |     9 ||    10
 Stab: Confused          |       |       |       |       |     3 |       ||     3
  Eat: Chunk             |     2 |     8 |    22 |    28 |    47 |    39 ||   146
       Beef jerky        |       |       |     1 |       |       |       ||     1
       Pizza             |       |       |     1 |       |     3 |     3 ||     7
       Royal jelly       |       |       |       |     1 |     1 |     3 ||     5
       Bread ration      |       |       |       |     1 |       |     4 ||     5
